 Dungeon Crawl Stone Soup version 0.26-a0-597-gb535b0901c (webtiles) character file.

Game seed: 11056877494908133513

166 Flugslaktarn the Chopper (level 5, 0/50 HPs)
             Began as a Deep Dwarf Monk on Sept 14, 2020.
             Slain by an ogre
             ... wielding a +0 giant spiked club
              (25 damage)
             ... on level 3 of the Dungeon.
             The game lasted 00:01:19 (1838 turns).

Flugslaktarn the Chopper (Deep Dwarf Monk)          Turns: 1838, Time: 00:01:19

Health: 0/50       AC: 12    Str: 16    XL:     5   Next: 22%
Magic:  4/4        EV:  6    Int: 10    God:
Gold:   179        SH:  0    Dex: 15    Spells: 4/4 levels left

rFire    . . .     SeeInvis .   a - +0 hand axe
rCold    + . .     Faith    .   (no shield)
rNeg     . . .     Spirit   .   l - +0 plate armour
rPois    .         Reflect  .   k - +0 helmet
rElec    .         Harm     .   (no cloak)
rCorr    .                      (no gloves)
MR       .....                  (no boots)
Stlth    ..........             (no amulet)
HPRegen  0.00/turn              c - ring of protection from cold
MPRegen  0.09/turn              (no ring)

@: stab, non-regenerating
A: damage resistance, heal wounds, sense surroundings 1, no regeneration
a: Heal Wounds


You were on level 3 of the Dungeon.
You visited 1 branch of the dungeon, and saw 3 of its levels.

You collected 179 gold pieces.

Inventory:

Hand Weapons
 a - a +0 hand axe (weapon)
Armour
 g - a +0 scale mail
   (You found it on level 2 of the Dungeon)
 h - a +4 ring mail of fire resistance
   (You took it off Terence on level 2 of the Dungeon)
 k - a +0 helmet (worn)
   (You took it off Robin on level 3 of the Dungeon)
 l - a +0 plate armour (worn)
   (You found it on level 3 of the Dungeon)
Jewellery
 c - a ring of protection from cold (left hand)
   (You found it on level 3 of the Dungeon)
 o - an uncursed amulet of faith
   (You found it on level 3 of the Dungeon)
Scrolls
 b - 2 scrolls of enchant armour {unknown}
 i - 2 scrolls of identify {unknown}
 m - a scroll of noise {unknown}
 p - a scroll of teleportation {unknown}
 q - a scroll of fear {unknown}
Potions
 d - a potion of brilliance {unknown}
 e - a potion of lignification {unknown}
 f - 2 potions of stabbing
 j - a potion of flight {unknown}
 n - 2 potions of degeneration {unknown}
 w - 3 potions of heal wounds


   Skills:
 * Level 4.0 Fighting
 * Level 4.8 Axes
 + Level 2.2 Armour
 - Level 3.2 Dodging
 - Level 2.4 Stealth


You had 4 spell levels left.
You didn't know any spells.
Your spell library was empty.

Dungeon Overview and Level Annotations

Branches:
Dungeon (3/15)

Altars:

Annotations:
D:3 Grinder


Innate Abilities, Weirdness & Mutations

You are resistant to damage.
You can heal yourself by infusing magical energy.
You passively map a small area around you.
You do not regenerate.


Message History

You can move again.
Your magical essence is drained by the effort!
You feel much better. The ogre barely misses you.
It was a potion of stabbing.
You feel ready to backstab.
The ogre hits you with a +0 giant spiked club!
You hit the ogre.
The ogre is moderately wounded.
The ogre hits you but does no damage.
You hit the ogre but do no damage.
The ogre is moderately wounded.
You hit the ogre but do no damage.
The ogre is moderately wounded.
The ogre hits you with a +0 giant spiked club!
You fail to use your ability.
The ogre completely misses you.
You hit the ogre.
The ogre is moderately wounded.
The ogre hits you with a +0 giant spiked club!!
Ouch! That really hurt!
You die...

........................#...#
.##........#........##...#..#
............................#*
...##......#........##.#.##.)#
..##...........#######.#.# #.#
..............########.#..*
..#
...#..............#..<.##.#*
.# ......#.#...#####...#####..
........#.#.# #.@........#, ,
........#.#.# #O#######..#
..............5r# , #
..........##..#.# * * ,
........ ....... , *
............. ...
#######........... * * ....
..$.., * ** ####.####..


You could see Grinder, an ogre and a rat.

Vanquished Creatures
  Jessica (D:3)
  Terence (D:2)
  Robin (D:3)
  3 gnolls
  2 adders (D:2)
  A worm (D:3)
  A dart slug (D:2)
  A ball python (D:3)
  5 bats
  2 giant cockroaches
  15 goblins
  7 hobgoblins
  5 kobolds (D:1)
  A quokka (D:2)
  5 frilled lizards
  4 rats
55 creatures vanquished.

Notes
Turn   | Place    | Note
-------+----------+-------------------------------------------
     0 | D:1      | Flugslaktarn the Deep Dwarf Monk began the quest for the
                  | Orb.
     0 | D:1      | Reached XP level 1. HP: 20/20 MP: 1/1
   182 | D:1      | Reached XP level 2. HP: 24/27 MP: 2/2
   611 | D:2      | Reached skill level 1 in Armour
   611 | D:2      | Reached XP level 3. HP: 26/34 MP: 3/3
   875 | D:2      | Found a faded altar of an unknown god.
  1014 | D:2      | Noticed Terence
  1043 | D:2      | Killed Terence
  1438 | D:3      | Noticed Robin
  1451 | D:2      | Reached XP level 4. HP: 40/42 MP: 4/4
  1481 | D:3      | Noticed Jessica
  1517 | D:3      | Killed Robin
  1524 | D:3      | Killed Jessica
  1524 | D:3      | Reached XP level 5. HP: 48/50 MP: 5/5
  1826 | D:3      | Noticed Grinder
  1826 | D:3      | Noticed an ogre
  1827 | D:3      | Paralysed by Grinder for 4 turns
  1838 | D:3      | Slain by an ogre

Illustrated notes

Levels and vault maps discovered:
D:1:      kilobyte_arrival_exit_the_forest, layout_rooms
D:2:      layout_loops_corners, chequers_ecumenical_altar_twisty,
          minmay_hexomino_u4, uniq_terence
D:3:      layout_rooms, minmay_ruptured, uniq_robin, uniq_grinder, uniq_jessica

Skill      XL: |  1  2  3  4  5 |
---------------+----------------+-----
Fighting       | 3 4 |  4.0
Armour         | 1 2 |  2.2
Axes           | 4 |  4.8
Dodging        | |  3.2
Stealth        | |  2.4

Action                   |  1- 3 |  4- 6 || total
-------------------------+-------+-------++-------
Melee: Hand axe          |    99 |    77 ||   176
 Abil: Heal Wounds       |     2 |     4 ||     6
  Use: Potion            |     1 |     1 ||     2
 Stab: Sleeping          |     3 |       ||     3
Armor: Robe              |    14 |       ||    14
       Ring mail         |    12 |    38 ||    50
       Scale mail        |     6 |       ||     6
       Plate armour      |       |     4 ||     4
Dodge: Dodged            |    85 |    66 ||   151

Table legend: (Time is in decaauts)
 A = Elapsed time spent in this place.
 B = Non-inter-level travel time spent in this place.
 C = Inter-level travel time spent in this place.
 D = Time resting spent in this place.
 E = Time spent auto-exploring this place.
 F = Levels seen in this place.
 G = Mean time per level.
                   A        B        C        D        E       F      G
               +--------+--------+--------+--------+--------+-----+--------+
         Total |   1869 |   1816 |     53 |      0 |   1385 |   3 |  623.0 |
       Dungeon |   1869 |   1816 |     53 |      0 |   1385 |   3 |  623.0 |
               +--------+--------+--------+--------+--------+-----+--------+

Top non-repeatable levels by time:
     D:2: 919 daAuts
     D:1: 589 daAuts
     D:3: 359 daAuts
